 Dungeon Crawl Stone Soup version 0.30-a0-824-g6c64550be9 (webtiles) character file.

Game seed: 14352940763718088980

527 Nacht the Digger (level 7, 0/46 HPs)
             Began as a Demonspawn Earth Elementalist on Feb 27, 2023.
             Was a Follower of Kikubaaqudgha.
             Succumbed to a water moccasin's poison
             ... on level 5 of the Dungeon.
             The game lasted 00:04:15 (4078 turns).

Nacht the Digger (Demonspawn Earth Elementalist)    Turns: 4078, Time: 00:04:15

Health: 0/46       AC: -5    Str:  7 (9)  XL:     7   Next: 2%
Magic:  7/12       EV: 14    Int: 15 (18) God:    Kikubaaqudgha [*.....]
Gold:   225        SH:  0    Dex: 11 (13) Spells: 5/13 levels left

rFire   + . .      SeeInvis .    r - +7 whip "Fusox" {drain, rF+}
rCold   + . .      Faith    .    (no shield)
rNeg    . . .      Spirit   .    a - +0 robe
rPois   .          Reflect  .    f - +0 hat
rElec   .          Harm     .    (no cloak)
rCorr   .          Rampage  .    i - +0 pair of gloves
Will    .....                    (no boots)
Stlth   ++                       (no amulet)
HPRegen 0.27/turn                n - ring of protection from cold
MPRegen 0.13/turn                (no ring)

@: mighty, lethally poisoned (0 -> -1), corroded
A: repulsion field 1, ignite blood 2
a: Renounce Religion, Unearth Wretches


You were on level 5 of the Dungeon.
You worshipped Kikubaaqudgha.
Kikubaaqudgha was aware of your devotion.
You visited 1 branch of the dungeon, and saw 5 of its levels.

You collected 225 gold pieces.

Inventory:

Hand Weapons
 r - the +7 whip "Fusox" (weapon) {drain, rF+}
   (You took it off a hobgoblin on level 3 of the Dungeon)

   rF:        It protects you from fire.
Missiles
 p - 3 poisoned darts
Armour
 a - a +0 robe (worn)
 f - a +0 hat (worn)
 i - a +0 pair of gloves (worn)
Jewellery
 n - a ring of protection from cold (left hand)
Scrolls
 c - 11 scrolls of identify {unknown}
 e - a scroll of butterflies {unknown}
 g - a scroll of fog {unknown}
 h - a scroll of brand weapon {unknown}
 k - 2 scrolls of teleportation {unknown}
 m - 2 scrolls of blinking {unknown}
 o - 2 scrolls of enchant armour {unknown}
 q - a scroll of enchant weapon {unknown}
 s - a scroll of magic mapping {unknown}
 t - 2 scrolls of noise {unknown}
 u - 3 scrolls of immolation {unknown}
 v - a scroll of vulnerability {unknown}
Potions
 b - a potion of magic
 d - 2 potions of might
 j - a potion of curing {unknown}
 l - a potion of degeneration
 w - a potion of haste {unknown}
 x - a potion of cancellation {unknown}


   Skills:
 - Level 1.7 Dodging
 - Level 1.7 Stealth
 + Level 3.7 Spellcasting
 - Level 2.0 Conjurations
 - Level 0.8 Transmutations
 + Level 6.2 Earth Magic


You had 5 spell levels left.
You knew the following spells:

 Your Spells              Type           Power      Damage    Failure   Level
a - Sandblast             Erth           42%        2d11      1%          1
b - Stone Arrow           Conj/Erth      30%        3d8       11%         3
t - Sublimation of Blood  Necr           2%         N/A       28%         2
w - Passwall              Tmut/Erth      10%        N/A       7%          2

Your spell library contained the following spells:

 Spells                   Type           Power      Damage    Failure   Level
 Magic Dart               Conj           32%        1d4       9%          1
 Kiss of Death            Conj/Necr      20%        2d7       12%         1
 Searing Ray              Conj           16%        2d5       12%         2
 Necrotise                Necr           8%         1d4       19%         1
 Petrify                  Tmut/Erth      13%        N/A       41%         4
 Fulminant Prism          Conj/Hex       2%         3d5       77%         4
 Animate Dead             Necr           2%         N/A       88%         4
 Summon Ice Beast         Ice/Summ       2%         N/A       88%         4
 Summon Mana Viper        Hex/Summ       2%         N/A       99%         5
 Monstrous Menagerie      Summ           1%         N/A       100%        7


Dungeon Overview and Level Annotations

Branches:
Dungeon (5/15)
 Temple: D:4-7

Altars:
Cheibriados
Hepliaklqana
Kikubaaqudgha
Qazlal
Ru
Sif Muna


Innate Abilities, Weirdness & Mutations

You are surrounded by a mild repulsion field. (EV +2)
Your demonic aura often causes spilled blood to erupt in flames.


Message History

The water moccasin is severely wounded.
You feel very sick.
The water moccasin bites you but does no damage.
The water moccasin completely misses you.
Casting: Sandblast (safe; 1% risk of failure)
Confirm with . or Enter, or press ? or * to list all spells.
Aiming: Sandblast (safe; 1% risk of failure)
Press: ? - help, Shift-Dir - straight line, f/p - water moccasin
Aim: a water moccasin (severely wounded, 72% to hit)
The blast of sand hits the water moccasin!
You kill the water moccasin!
Kikubaaqudgha accepts your kill.
You feel sick.
A hound comes into view.
The jelly closely misses you. The jelly hits you. The acid corrodes you!
You are splashed with acid!
Your Earth Magic skill increases to level 6!
The orc attacks as you move away!
The orc hits you with a +0 short sword of draining.
You feel drained.
You feel sick. The jelly attacks as you move away! The jelly hits you.
* * * LOW HITPOINT WARNING * * *
The acid corrodes you!
You are splashed with acid!
* * * LOW HITPOINT WARNING * * *
x2 You feel sick.
The jelly is engulfed in blazing flames.
It was a potion of might.
You feel very mighty all of a sudden.
* * * LOW HITPOINT WARNING * * *
You feel sick.
The jelly is engulfed in blazing flames.
You kill the jelly!
Kikubaaqudgha accepts your kill.
Your life force feels restored.
You have reached level 7!
It was a potion of degeneration.
There was something very wrong with that liquid.
You feel weakened.
You feel dopey.
You feel clumsy.
You die...
Kikubaaqudgha rasps: "You have failed me!
Welcome... death!"

. ##### .. #...#...
######### #.#...
#.......###..# .
#............# .h.
#.......##@o.##+....
#..[....###○#..h#
#.......# #.....#
####.#### #.#<..#
#.# #...#.# #.#
#.#.. # #.# #..##+
#.# #.. #.# #..


You could see a hound (wandering) and an orc.

Vanquished Creatures
  A water moccasin (D:5)
  A centaur (D:5)
  A phantom (D:5)
  A scorpion (D:5)
  A hound (D:4)
  A jelly (D:5)
  Terence (D:3)
  An orc wizard (D:4)
  2 adders (D:2)
  2 worms (D:2)
  2 dart slugs
  12 orcs
  4 bats
  9 endoplasms
  A giant cockroach (D:1)
  4 goblins
  6 hobgoblins
  3 jackals
  3 quokkas
  6 ball pythons
  2 frilled lizards
  3 kobolds
  5 rats
72 creatures vanquished.

Vanquished Creatures (others)
  15 plants
15 creatures vanquished.

Grand Total: 87 creatures vanquished

Notes
Turn   | Place    | Note
-------+----------+-------------------------------------------
     0 | D:1      | Nacht the Demonspawn Earth Elementalist began the quest for
                  | the Orb.
     0 | D:1      | Reached XP level 1. HP: 13/13 MP: 3/3
   119 | D:1      | Reached skill level 3 in Earth Magic
   524 | D:1      | Gained mutation: You are surrounded by a mild repulsion
                  | field. (EV +2) [demonic ancestry]
   524 | D:1      | Reached XP level 2. HP: 19/19 MP: 3/5
   650 | D:1      | Learned a level 2 spell: Passwall
  1261 | D:2      | Reached XP level 3. HP: 24/24 MP: 4/6
  1658 | D:2      | Reached skill level 4 in Earth Magic
  2141 | D:2      | HP: 1/24 [orc/+0 club (4)]
  2149 | D:2      | Learned a level 3 spell: Stone Arrow
  2323 | D:3      | Gained mutation: Your demonic aura sometimes causes spilled
                  | blood to erupt in flames. [demonic ancestry]
  2323 | D:3      | Reached XP level 4. HP: 30/30 MP: 5/7
  2418 | D:3      | Found a shimmering blue altar of Sif Muna.
  2425 | D:3      | Found an ancient bone altar of Kikubaaqudgha.
  2425 | D:3      | Identified the +7 whip "Fusox" {drain, rF+}
  2434 | D:3      | Found a hazy altar of Hepliaklqana.
  2436 | D:3      | Became a worshipper of Kikubaaqudgha
  2467 | D:3      | Found a stormy altar of Qazlal.
  2470 | D:3      | Found a snail-covered altar of Cheibriados.
  2616 | D:3      | Noticed Terence
  2631 | D:3      | Killed Terence
  2632 | D:3      | Reached skill level 1 in Conjurations
  3048 | D:3      | Found a faded altar of an unknown god.
  3385 | D:4      | Found a sacrificial altar of Ru.
  3540 | D:4      | Reached XP level 5. HP: 35/35 MP: 4/8
  3548 | D:4      | Reached skill level 5 in Earth Magic
  3732 | D:4      | Reached * piety under Kikubaaqudgha
  3732 | D:4      | Received a gift from Kikubaaqudgha
  3736 | D:4      | Learned a level 2 spell: Sublimation of Blood
  3914 | D:5      | Entered Level 5 of the Dungeon
  3914 | D:5      | Noticed a centaur
  3919 | D:5      | Killed a centaur
  3920 | D:5      | Gained mutation: Your demonic aura often causes spilled
                  | blood to erupt in flames. [demonic ancestry]
  3920 | D:5      | Reached XP level 6. HP: 26/41 MP: 1/9
  4070 | D:5      | Noticed a water moccasin
  4074 | D:5      | Killed a water moccasin
  4075 | D:5      | Reached skill level 6 in Earth Magic
  4076 | D:5      | HP: 2/40 [acid (8)]
  4078 | D:5      | Reached XP level 7. HP: 1/46 MP: 7/12
  4078 | D:5      | Succumbed to a water moccasin's poison

Illustrated notes

Levels and vault maps discovered:
D:1:      minmay_arrival_plants_in_alcoves, layout_basic
D:2:      layout_loops_corners, kennysheep_boxes
D:3:      layout_loops_ring, nicolae_overflow_hallway_of_the_gods,
          dilly_ecumenical_altar_fadedgnrine, uniq_terence
D:4:      layout_basic, nicolae_ru_the_path_less_chosen, minmay_crossroads
D:5:      layout_basic, minmay_temple_entry_glass,
          hellmonk_ghost_happy_afterlife, minmay_fractal_squares_diagonal_5

Skill      XL: |  1  2  3  4  5  6 |
---------------+-------------------+-----
Earth Magic    | 3 4 5 6 |  6.2
Conjurations   | 2 |  2.0
Spellcasting   | 3 |  3.7
Dodging        | |  1.7
Stealth        | |  1.7
Transmutations | |  0.8

Action                     |  1- 3 |  4- 6 |  7- 9 || total
---------------------------+-------+-------+-------++-------
  Melee: Unarmed           |    31 |       |       ||    31
         Whip              |       |    16 |       ||    16
         Punch             |       |     2 |       ||     2
   Cast: Sandblast         |    67 |    65 |       ||   132
         Stone Arrow       |       |     1 |       ||     1
    Use: Potion            |     1 |     1 |     1 ||     3
 Armour: Robe              |    13 |    10 |       ||    23
  Dodge: Dodged            |    61 |    41 |       ||   102

Table legend: (Time is in decaauts)
 A = Elapsed time spent in this place.
 B = Non-inter-level travel time spent in this place.
 C = Inter-level travel time spent in this place.
 D = Time resting spent in this place.
 E = Time spent auto-exploring this place.
 F = Levels seen in this place.
 G = Mean time per level.
                   A        B        C        D        E       F      G
               +--------+--------+--------+--------+--------+-----+--------+
         Total |   4144 |   4060 |     84 |      0 |   3499 |   5 |  828.8 |
       Dungeon |   4144 |   4060 |     84 |      0 |   3499 |   5 |  828.8 |
               +--------+--------+--------+--------+--------+-----+--------+

Top non-repeatable levels by time:
     D:2: 1210 daAuts
     D:3: 1002 daAuts
     D:1: 912 daAuts
     D:4: 848 daAuts
     D:5: 170 daAuts
